 Dungeon Crawl Stone Soup version 0.21-a0-442-g848f44b (webtiles) character file.

32 4thArraOfDagon the Skirmisher (level 3, 0/33 HPs)
             Began as a Minotaur Abyssal Knight on Nov 16, 2017.
             Was a Follower of Lugonu.
             Slain by an adder (2 damage)
             ... on level 3 of the Dungeon.
             The game lasted 00:02:05 (331 turns).

4thArraOfDagon the Skirmisher (MiAK)                 Turns: 331, Time: 00:02:05

Health: 0/33       AC:  5    Str: 14 (16) XL:     3   Next: 8%
Magic:  3/3        EV: 10    Int:  9 (12) God:    Lugonu [*.....]
Gold:   52         SH:  0    Dex:  7 (9)  Spells: 2/2 levels left

rFire    . . .     SeeInvis .   g - +2 hand axe (freeze)
rCold    . . .     Gourm    .   (no shield)
rNeg     . . .     Faith    .   h - +0 ring mail
rPois    .         Spirit   .   (helmet restricted)
rElec    .         Reflect  .   (no cloak)
rCorr    .         Harm     .   (no gloves)
MR       .....                  (no boots)
Stlth    ..........             f - amulet of magic regeneration
HPRegen  0.11/turn              e - +2 ring of intelligence
MPRegen  0.33/turn              (no ring)

@: no status effects
A: retaliatory headbutt, horns 2
a: Depart the Abyss, Renounce Religion


You were on level 3 of the Dungeon.
You worshipped Lugonu.
Lugonu was aware of your devotion.
You were not hungry.

You visited 1 branch of the dungeon, and saw 3 of its levels.
You visited the Abyss 1 time.

You collected 52 gold pieces.

Inventory:

Hand Weapons
 a - a +1 hand axe
 g - a +2 hand axe of freezing (weapon)
Armour
 b - a +0 leather armour
 h - a +0 ring mail (worn)
Jewellery
 e - a +2 ring of intelligence (left hand)
 f - an amulet of magic regeneration (around neck)
Scrolls
 d - 2 scrolls of teleportation {unknown}
Comestibles
 c - a bread ration


   Skills:
 + Level 3.9 Fighting
 * Level 3.1 Axes
 + Level 2.8 Armour
 + Level 1.6 Dodging
 + Level 2.1 Invocations


You had 2 spell levels left.
You didn't know any spells.

Dungeon Overview and Level Annotations

Branches:
Dungeon (3/15)

Altars:
Cheibriados
Dithmenos

Annotations:
D:2 Jessica, Terence


Innate Abilities, Weirdness & Mutations

You reflexively headbutt those who attack you in melee.
You have a pair of horns on your head.


Message History

Unknown command.
The orc shouts!
You hear a shout!
The orc wizard hits you but does no damage.
Unknown command.
Unknown command.
Unknown command.
Unknown command.
Unknown command.
Unknown command.
You hit the orc wizard. You freeze the orc wizard.
The orc wizard is lightly wounded.
The orc wizard hits you with a dagger.
* * * LOW HITPOINT WARNING * * *
Unknown command.
Unknown command.
An adder comes into view.
The adder hisses angrily.
Unknown command.
The adder bites you.
You die...

.# ### .# .# ..# .#
####.(# #.##$###.
####...?# ###........
#....#######.g.<..#
####.#....gg)...#..#.#
#......###########o..#
#...#...## #..o.g#.# !
#.### #@##### # #g#
#S# ##.# ..# #.g# ####
#g## #..# .....
....#?. ..#. ...


You could see an orc wizard, a gnoll, an adder and an orc.

Vanquished Creatures
  An adder (D:3)
  An ooze (D:1)
  2 dart slugs (D:1)
  A giant cockroach (D:1)
  3 goblins (D:1)
  A hobgoblin (D:1)
  3 kobolds
  3 rats (D:1)
15 creatures vanquished.

Notes
Turn   | Place    | Note
-------+----------+-------------------------------------------
     0 | Abyss:1  | 4thArraOfDagon the Minotaur Abyssal Knight began the quest for the Orb.
     0 | Abyss:1  | Reached XP level 1. HP: 19/19 MP: 1/1
     0 | Abyss:1  | Thaneod: dobrze że teraz zginęła:P
    36 | Abyss:1  | Noticed a thrashing horror
    38 | D:1      | Escaped the Abyss
    64 | D:1      | Thaneod: dobre itemki
    64 | D:1      | Reached * piety under Lugonu
    76 | D:1      | 4thArraOfDagon: nom, idealne dla woja
    76 | D:1      | Thaneod: :)
    99 | D:1      | Found a snail-covered altar of Cheibriados.
   109 | D:1      | Reached XP level 2. HP: 8/27 MP: 2/2
   281 | D:2      | Noticed Jessica
   281 | D:2      | Noticed Terence
   283 | D:2      | Found a shadowy altar of Dithmenos.
   321 | D:3      | Reached XP level 3. HP: 5/33 MP: 3/3
   331 | D:3      | Slain by an adder

Vault maps used:
D:1:      roderic_dead_forest, cheibriados_altar_1
D:2:      nicolae_overflow_hidden_temple, nicolae_qazlal_general_emergency,
          uniq_jessica, uniq_terence
D:3:      grunt_temple_overflow_order_and_chaos_2, first_bread,
          kennysheep_generic_room_11, uniq_ijyb

Skill      XL: |  1  2 |
---------------+-------+-----
Invocations    | 2 |  2.1
Axes           | 3 |  3.1
Fighting       | |  3.9
Armour         | |  2.8
Dodging        | |  1.6

Action                   || total
-------------------------++-------
Melee: Hand axe          ||    33
       Headbutt          ||     2
Invok: Depart the Abyss  ||     1
  Use: Potion            ||     1
Armor: Leather armour    ||     6
       Ring mail         ||     2
Dodge: Dodged            ||    18

Table legend:
 A = Spawn XP
 B = Non-spawn XP
 C = Spawn XP percentage of total XP
 D = Spawn monster count
 E = Non-spawn monster count
 F = Spawn count percentage of total count
 G = Total turns spent on level
                    A         B        C        D         E        F      G
               +---------+---------+-------+---------+---------+-------+---------
         Total |       0 |      46 |   0.0 |       0 |      15 |   0.0 |   331
               +---------+---------+-------+---------+---------+-------+---------
           D:1 |       0 |      31 |   0.0 |       0 |      13 |   0.0 |   243
           D:3 |       0 |      15 |   0.0 |       0 |       2 |   0.0 |    28
               +---------+---------+-------+---------+---------+-------+---------
